 Dungeon Crawl Stone Soup version 0.27.1 (webtiles) character file.

Game seed: 12409638163141002469

9067 kocsisss the Basher (level 11, -8/86 HPs)
             Began as a Minotaur Berserker on Aug 27, 2021.
             Was an Elder of Trog.
             Asphyxiated
             ... on level 10 of the Dungeon.
             The game lasted 00:47:34 (10555 turns).

kocsisss the Basher (Minotaur Berserker)           Turns: 10555, Time: 00:47:34

Health: -8/86      AC: 18    Str: 34    XL:     11   Next: 18%
Magic:  10/10      EV: 12    Int:  4    God:    Trog [****..]
Gold:   256        SH:  0    Dex: 17    Spells: 10/10 levels left

rFire    . . .     SeeInvis .   F - +6 mace "Minotaur's Bane" {vorpal, Will+ Str+4}
rCold    . . .     Faith    +   (no shield)
rNeg     . . .     Spirit   .   x - +0 plate armour
rPois    .         Reflect  .   (helmet restricted)
rElec    .         Harm     .   (no cloak)
rCorr    .         Rampage  .   t - +0 pair of gloves
Will     +++..                  r - +0 pair of boots
Stlth    ..........             G - amulet of faith
HPRegen  1.24/turn              m - +6 ring of dexterity
MPRegen  0.12/turn              D - +6 ring of strength

@: lethally poisoned (-8 -> -25), strong-willed, on berserk cooldown,
regenerating, slowed, very slow
A: horns 2, retaliatory headbutt
a: Renounce Religion, Berserk, Trog's Hand, Brothers in Arms


You were on level 10 of the Dungeon.
You worshipped Trog.
Trog was greatly pleased with you.
You visited 1 branch of the dungeon, and saw 10 of its levels.

You collected 349 gold pieces.
You spent 93 gold pieces at shops.

Inventory:

Hand Weapons
 a - a +3 hand axe of flaming
 h - a +0 dagger
 w - a +0 war axe
 y - a +2 hand axe of freezing
 B - a +3 mace
 F - the +6 mace "Minotaur's Bane" (weapon) {vorpal, Will+ Str+4}
   (You found it on level 7 of the Dungeon)

   It inflicts extra damage upon your enemies.
   Str:       It affects your strength (+4).
   Will:      It increases your willpower.
 I - a +0 halberd of flaming
Armour
 r - a +0 pair of boots (worn)
 t - a +0 pair of gloves (worn)
 x - a +0 plate armour (worn)
 J - +0 swamp dragon scales
Jewellery
 m - a +6 ring of dexterity (left hand)
 s - an amulet of magic regeneration
 z - a ring of flight
 D - a +6 ring of strength (right hand)
 G - an amulet of faith (around neck)
Wands
 i - a wand of polymorph (8) (quivered)
 k - a wand of flame (30)
 q - a wand of paralysis (8)
 C - a wand of digging (5)
 M - a wand of charming (8)
Scrolls
 e - a scroll of magic mapping
 g - 5 scrolls of teleportation
 E - a scroll of fog
 H - a scroll of enchant weapon
Potions
 b - a potion of flight
 c - a potion of magic
 d - a potion of berserk rage
 f - 2 potions of might {unknown}
 j - 2 potions of lignification {unknown}
 l - a potion of haste
 n - 2 potions of curing {unknown}
 o - 2 potions of cancellation {unknown}
 p - a potion of invisibility {unknown}
 u - 2 potions of heal wounds {unknown}
 v - 2 potions of resistance {unknown}
 A - a potion of mutation {unknown}
 K - a potion of degeneration {unknown}
 L - 2 potions of experience {unknown}


   Skills:
 - Level 5.0 Fighting
 + Level 10.4(12.6) Axes
 * Level 11.7(13.1) Maces & Flails
 + Level 11.0 Armour
 + Level 7.0 Dodging
 + Level 2.6 Stealth
 + Level 0.2 Evocations


You had 10 spell levels left.
You didn't know any spells.
Your spell library contained the following spells:

 Spells                   Type           Power      Damage    Failure   Level
 Foxfire                  Conj/Fire      0%         2x1d4     97%         1
 Sting                    Tmut/Pois      0%         1d3       97%         1
 Poisonous Vapours        Pois/Air       0%         N/A       99%         2
 Conjure Flame            Conj/Fire      0%         6-21      100%        3
 Inner Flame              Hex/Fire       0%         N/A       100%        3
 Olgreb's Toxic Radiance  Pois           0%         N/A       100%        4


Dungeon Overview and Level Annotations

Branches:
Dungeon (10/15)
 Temple: D:4-7         Lair: D:8-11         Orc: D:9-12

Altars:
Fedhas
Gozag
Makhleb
Qazlal
Sif Muna
The Shining One

Shops:
D:4 [   D:6 *

Annotations:
D:10 Sonja


Innate Abilities, Weirdness & Mutations

You have a pair of horns on your head.
You reflexively headbutt those who attack you in melee.


Message History

You are more poisoned.
You have difficulty breathing.
* * * LOW HITPOINT WARNING * * *
You feel as though you will be slow longer.
Okay, then.
Okay, then.
Okay, then.
You thump something!
* * * LOW HITPOINT WARNING * * *
You feel extremely sick.
Reactivating autopickup.
You feel a bit more experienced.
Your Armour skill increases to level 11!
A red film seems to cover your vision as you go berserk!
You feel yourself moving faster!
You feel mighty!
You feel extremely sick. Sonja hits you but does no damage.
Sonja hits you with a +2 short sword of venom.
* * * LOW HITPOINT WARNING * * *
You are more poisoned.
Sonja hits you but does no damage.
You are lethally poisoned!
Sonja casts a spell.
Sonja blinks!
You feel a strong urge to attack something.
* * * LOW HITPOINT WARNING * * *
You feel extremely sick.
Items here: )) [ †.
* * * LOW HITPOINT WARNING * * *
You feel very sick.
Items here: ( )) [.
You feel your anger nearly subside.
You are no longer berserk.
You are exhausted.
You feel as though you will be slow longer.
* * * LOW HITPOINT WARNING * * *
You feel very sick.
Sonja throws a curare-tipped dart.
The curare-tipped dart hits you.
You are more poisoned.
You have difficulty breathing.
You die...

#.........#####.......######.
####.#<#### ######.## #.
#.#.# #.# #. #.#.# #.# #.
#.#.# #.# ## #.#.# #.# #.#.#
#.# #.#.#############.#
..#....).@........#
#######)######### #)#
......K)......#
#.#.#.#.#.#.#.# ......... #.#
#.# #.# ## ... ... ### ###


You could see Sonja.

Vanquished Creatures
  A boulder beetle (D:9)
  A hydra (D:9)
  A centaur warrior (D:9)
  A two-headed ogre (D:9)
  Maggie (D:9)
  A hornet (D:9)
  Sigmund (D:3)
  A wraith (D:6)
  3 yaks (D:10)
  3 wyverns
  3 humans (D:8)
  A steam dragon (D:6)
  A water moccasin (D:7)
  6 orc warriors
  2 ice beasts
  2 black bears (D:7)
  4 hornet zombies
  An ogre (D:6)
  4 centaurs
  2 phantoms (D:4)
  3 kobold brigands
  2 bullfrogs (D:9)
  A wyvern zombie (D:7)
  A wyvern skeleton (D:7)
  3 killer bees (D:9)
  2 howler monkeys (D:9)
  3 centaur zombies
  A jelly (D:4)
  6 hounds
  5 orc priests
  Ijyb (D:4)
  13 orc wizards
  Robin (D:2)
  9 adders
  2 ufetubi
  An adder skeleton (D:4)
  A worm (D:2)
  2 dart slugs
  30 orcs
  9 endoplasms
  2 giant cockroaches (D:1)
  17 goblins
  6 hobgoblins
  2 quokkas (D:2)
  8 ball pythons
  4 bats
  6 frilled lizards
  14 kobolds
  6 rats
201 creatures vanquished.

Vanquished Creatures (others)
  Erolcha (D:10)
  3 plants
4 creatures vanquished.

Grand Total: 205 creatures vanquished

Notes
Turn   | Place    | Note
-------+----------+-------------------------------------------
     0 | D:1      | kocsisss the Minotaur Berserker began the quest for the
                  | Orb.
     0 | D:1      | Reached XP level 1. HP: 19/19 MP: 0/0
   423 | D:1      | Reached XP level 2. HP: 27/27 MP: 1/1
   995 | D:2      | Noticed Robin
  1007 | D:2      | Reached ** piety under Trog
  1021 | D:2      | Reached XP level 3. HP: 20/33 MP: 2/2
  1208 | D:2      | Killed Robin
  1445 | D:2      | Reached XP level 4. HP: 41/41 MP: 3/3
  1996 | D:2      | Reached skill level 5 in Axes
  2560 | D:3      | Reached XP level 5. HP: 43/47 MP: 4/4
  2898 | D:3      | Found a stormy altar of Qazlal.
  3037 | D:3      | Noticed Sigmund
  3049 | D:3      | Killed Sigmund
  3050 | D:3      | Reached XP level 6. HP: 55/55 MP: 5/5
  3199 | D:4      | Found Fofeek's Antique Armour Shoppe.
  3279 | D:4      | Reached skill level 1 in Stealth
  3342 | D:4      | Reached skill level 5 in Fighting
  3384 | D:4      | Reached *** piety under Trog
  3511 | D:4      | Noticed Ijyb
  3527 | D:4      | Paralysed by Ijyb for 7 turns
  3536 | D:4      | Killed Ijyb
  3537 | D:4      | Reached XP level 7. HP: 43/61 MP: 6/6
  3874 | D:4      | Found a glowing golden altar of the Shining One.
  4399 | D:4      | Bought a pair of gloves for 85 gold pieces
  4524 | D:5      | Entered Level 5 of the Dungeon
  4630 | D:5      | You fall into a shaft and drop 2 floors!
  4723 | D:7      | Reached skill level 5 in Dodging
  4834 | D:7      | Reached skill level 5 in Armour
  4947 | D:7      | Reached XP level 8. HP: 55/68 MP: 7/7
  5091 | D:6      | Found a blossoming altar of Fedhas.
  5413 | D:6      | Found Apsaevu's CLEARANCE SALE! EVERYTHING MUST GO!.
  5682 | D:6      | Bought a scroll of identify for 8 gold pieces
  6385 | D:6      | Reached XP level 9. HP: 74/74 MP: 8/8
  6446 | D:6      | Found an opulent altar of Gozag.
  6837 | D:7      | Identified the +6 mace "Minotaur's Bane" {vorpal, Will+
                  | Str+4}
  6898 | D:7      | Reached **** piety under Trog
  6905 | D:7      | Reached skill level 10 in Axes
  7104 | D:8      | Reached skill level 1 in Maces & Flails
  7522 | D:8      | Identified the +1 rapier of the Inquisitive Xenops {holy,
                  | rC+ Int+3}
  7583 | D:8      | Reached skill level 5 in Maces & Flails
  8303 | D:9      | Noticed Maggie
  8314 | D:9      | Killed Maggie
  8315 | D:9      | Reached XP level 10. HP: 48/81 MP: 9/9
  8407 | D:9      | Noticed a six-headed hydra
  8407 | D:9      | Noticed a centaur warrior
  8456 | D:9      | Killed a six-headed hydra
  8729 | D:9      | Noticed a two-headed ogre
  8735 | D:9      | Killed a two-headed ogre
  8740 | D:9      | Reached skill level 10 in Armour
  9079 | D:9      | Found a shimmering blue altar of Sif Muna.
  9198 | D:9      | Noticed a boulder beetle
  9236 | D:9      | Killed a boulder beetle
  9237 | D:9      | Reached skill level 10 in Maces & Flails
  9754 | D:9      | Killed a centaur warrior
  9929 | D:9      | Found a burning altar of Makhleb.
 10045 | D:10     | Entered Level 10 of the Dungeon
 10218 | D:10     | Reached XP level 11. HP: 85/86 MP: 10/10
 10296 | D:10     | Noticed a lindwurm
 10296 | D:10     | Noticed a lindwurm
 10297 | D:10     | Noticed a lindwurm
 10304 | D:10     | Noticed a lindwurm
 10529 | D:10     | Noticed Sonja
 10530 | D:10     | Noticed Erolcha
 10551 | D:10     | Killed Erolcha
 10555 | D:10     | HP: 1/86 [poisoned by Sonja]
 10555 | D:10     | Asphyxiated

Illustrated notes

Levels and vault maps discovered:
D:1:      amcnicky_arrival_underground_garden, layout_loops_cross,
          serial_forest, infiniplex_forest_join, infiniplex_forest_lined_3,
          infiniplex_forest_end_1, infiniplex_forest_lined_3,
          infiniplex_forest_clump_curved
D:2:      layout_loops_ring, serial_forest, infiniplex_forest_lined_3,
          infiniplex_forest_straight_2, infiniplex_forest_clump_curved,
          infiniplex_forest_lined_3, infiniplex_forest_clump_small,
          infiniplex_forest_end_2, hangedman_decor_riveting,
          minmay_pentomino_r2, uniq_robin
D:3:      layout_basic, marbit_many_paths, chequers_serial_rivers_room_b,
          minmay_box_of_dots, uniq_sigmund
D:4:      layout_loops_ring, nicolae_tso_carved_into_rock, serial_rivers,
          chequers_serial_rivers_small_b, chequers_serial_rivers_room_a,
          chequers_serial_rivers_micro_b, chequers_serial_rivers_micro_a,
          chequers_serial_rivers_micro_e, chequers_serial_rivers_micro_e,
          st_stairs_2, minmay_misc_feat_pillars, nicolae_stop_n_shop_1,
          uniq_ijyb
D:5:      layout_basic, temple_fountains, serial_bayou, serial_bayou_pond_e,
          serial_bayou_pond_b, serial_bayou_ford_a, serial_bayou_shore_b,
          serial_bayou_pond_e, serial_bayou_pond_a, serial_park_tiny_2,
          grunt_decor_arrowhead, dk_noncrumbling_4, uniq_pikel
D:6:      layout_gridville, lemuel_crystal_altar,
          mainiacjoe_overflow_surrounded_room, minmay_strange_pillars,
          nicolae_shop_clearance
D:7:      layout_loops_ring, hangedman_decor_peaks_small
D:8:      layout_loops_ring, minmay_ruffians
D:9:      layout_roguey, lemuel_doored_altar, lightli_temple_of_fire,
          grunt_ministairs_12, minmay_checkerbox, uniq_maggie
D:10:     cheibrodos_barr_body, layout_basic, minmay_lair_entry_grove,
          minivault_16, st_stairs_13, minmay_lindwurm_lava, uniq_erolcha,
          uniq_sonja, uniq_josephine

Skill      XL: |  1  2  3  4  5  6  7  8  9 10 11 |
---------------+----------------------------------+-----
Fighting       | 4 5 |  5.0
Axes           | 4 5 6 7 9 10 | 10.4
Dodging        | 3 4 5 6 7 |  7.0
Armour         | 3 4 5 7 9 10 11 | 11.0
Stealth        | 1 2 |  2.6
Maces & Flails | 6 11 | 11.7
Evocations     | |  0.2

Action                   |  1- 3 |  4- 6 |  7- 9 | 10-12 || total
-------------------------+-------+-------+-------+-------++-------
Melee: Hand axe          |    76 |   122 |   150 |       ||   348
       Headbutt          |    14 |    18 |    78 |    34 ||   144
       Mace              |       |       |    91 |   112 ||   203
Invok: Trog's Hand       |       |     2 |     3 |     6 ||    11
       Berserk           |       |     1 |     1 |     2 ||     4
       Brothers in Arms  |       |       |       |     2 ||     2
Evoke: Wand              |       |       |       |     2 ||     2
  Use: Scroll            |     2 |     1 |     7 |     7 ||    17
Armor: Animal skin       |     6 |       |       |       ||     6
       Leather armour    |    12 |    20 |     1 |       ||    33
       Ring mail         |       |       |    25 |       ||    25
       Plate armour      |       |       |    70 |    68 ||   138
Dodge: Dodged            |    32 |    74 |   140 |    53 ||   299
